 Dungeon Crawl Stone Soup version 0.28-a0-425-gd0eccab798 (webtiles) character file.

Game seed: 2386220348048572156

42 Shayle the Insei (level 3, 0/30 HPs)
             Began as a Djinni Warper on Sept 10, 2021.
             Slain by an orc (4 damage)
             ... on level 1 of the Dungeon.
             The game lasted 00:07:33 (2646 turns).

Shayle the Insei (Djinni Warper)                    Turns: 2646, Time: 00:07:34

Health: 0/30       AC:  3    Str:  7 (10) XL:     3   Next: 77%
Gold:   66         EV: 11    Int: 10 (13) God:
                   SH:  0    Dex: 11 (12)

rFire   + + .      SeeInvis .     - Unarmed
rCold   x . .      Faith    .   (no shield)
rNeg    . . .      Spirit   .   a - +0 leather armour
rPois   ∞          Reflect  .   (no helmet)
rElec   .          Harm     .   (no cloak)
rCorr   .          Rampage  .   (no gloves)
Will    .....                   (boots unavailable)
Stlth   +.........              (no amulet)
HPRegen 0.10/turn               (no ring)
MPRegen 0.00/turn               (no ring)

@: attractive, flying, very slightly contaminated
A: sickness immunity, fire resistance 2, cold vulnerability 1, float, innate
caster, hp casting, extra vitality 1, dopey 1
a: no special abilities


You were on level 1 of the Dungeon.
You visited 1 branch of the dungeon, and saw 2 of its levels.

You collected 66 gold pieces.

Inventory:

Armour
 a - a +0 leather armour (worn)
 c - a +1 robe of positive energy
Scrolls
 d - 2 scrolls of teleportation {unknown}
 f - a scroll of brand weapon {unknown}
 g - a scroll of fog {unknown}
 h - a scroll of enchant armour {unknown}
Potions
 j - a potion of attraction


   Skills:
 + Level 3.0 Fighting
 - Level 0.7 Throwing
 - Level 1.0 Armour
 - Level 2.1 Dodging
 + Level 3.0 Unarmed Combat
 - Level 2.4 Spellcasting


You couldn't memorise any spells.
You knew the following spells:

 Your Spells              Type           Power      Damage    Failure   Level
a - Blink                 Tloc           N/A        N/A       24%         2
b - Lesser Beckoning      Tloc           6%         N/A       43%         3
c - Gell's Gravitas       Tloc           3%         N/A       43%         3
d - Teleport Other        Tloc           6%         N/A       43%         3
e - Manifold Assault      Tloc           6%         N/A       99%         5
f - Magic Dart            Conj           24%        1d4       16%         1
Your spell library was empty.

Dungeon Overview and Level Annotations

Branches:
Dungeon (2/15)

Altars:


Innate Abilities, Weirdness & Mutations

You are immune to sickness and miasma.
You are immune to poison.
Your flesh is very heat resistant. (rF++)
You are vulnerable to cold. (rC-)
You float through the air rather than walking.
You learn spells naturally, not from books.
Your magical power is your life essence.
You have superior vitality. (+4 HP)
You are dopey. (Int -2)


Message History

The jackal barely misses you. The jackal misses you.
The jackal closely misses you. The orc is attracted toward you.
Unknown command.
The jackal bites you.
* * * LOW HITPOINT WARNING * * *
The orc is attracted toward you. The jackal misses you. The jackal bites you.
* * * LOW HITPOINT WARNING * * *
The orc is attracted toward you.
You flicker for a moment.
Sorry, you're not good enough to have a special ability.
The jackal misses you. The jackal barely misses you.
You closely miss the jackal.
The jackal bites you but does no damage.
You barely miss the jackal. The jackal closely misses you.
You barely miss the jackal.
You flicker back into view.
The jackal closely misses you. x2
You hit the jackal.
The jackal is severely wounded.
The jackal barely misses you.
You hit the jackal.
You kill the jackal!
You hit the orc.
The orc is heavily wounded.
The orc barely misses you.
You barely miss the orc.
The orc is heavily wounded.
The orc barely misses you.
You hit the orc.
The orc is almost dead.
The orc barely misses you.
You closely miss the orc.
The orc is almost dead.
The orc hits you with a +0 hand axe.
You die...

#.# #.# ############
##.######..........#
.................#.#
....#.#.#.#..###.#.#
..o.#........# #.#.#
....#.#.#)#.## #.#.#
##..........####o#.#
##....#.#.#...##@#.#
.#..#.........##.#.# ###
.#..#.........##.#.#####.#
.#............##.#.......#
.#.###.#########.#######.#
........>........# #.#
.#####.##....###########.#
....(...+.)...........)..#
######.##...#.#.#.#..#####


You could see an orc.

Vanquished Creatures
  A dart slug (D:1)
  An orc (D:2)
  3 ball pythons (D:1)
  5 bats
  An endoplasm (D:1)
  A giant cockroach (D:1)
  6 hobgoblins
  5 jackals
  A quokka (D:1)
  3 goblins (D:1)
  5 kobolds (D:1)
  2 rats (D:1)
34 creatures vanquished.

Notes
Turn   | Place    | Note
-------+----------+-------------------------------------------
     0 | D:1      | Shayle the Djinni Warper began the quest for the Orb.
     0 | D:1      | Reached XP level 1. HP: 18/18 MP: 0/0
   278 | D:1      | Reached XP level 2. HP: 8/24 MP: 0/0
  1248 | D:1      | Reached XP level 3. HP: 25/29 MP: 0/0
  1248 | D:1      | Learned a level 1 spell: Magic Dart
  1569 | D:1      | Found a faded altar of an unknown god.
  2611 | D:1      | Gained mutation: You are dopey. (Int -2) [potion of
                  | mutation]
  2646 | D:1      | Slain by an orc

Illustrated notes

Levels and vault maps discovered:
D:1:      dpeg_arrival_morbid_curiosity, layout_basic, serial_glass,
          glass_columns_c, glass_columns_b, hellmonk_ecumenical_altar_lost_god
D:2:      layout_rooms

Skill      XL: |  1  2  3 |
---------------+----------+-----
Unarmed Combat | 3 |  3.0
Fighting       | 3 |  3.0
Throwing       | |  0.7
Armour         | |  1.0
Dodging        | |  2.1
Spellcasting   | |  2.4

Action                   || total
-------------------------++-------
Melee: Unarmed           ||   246
       Punch             ||     5
Throw: Boomerang         ||     5
 Cast: Magic Dart        ||     3
       Blink             ||     2
  Use: Potion            ||     5
       Scroll            ||     1
 Stab: Invisible         ||     1
Armor: Leather armour    ||   128
Dodge: Dodged            ||   228

Table legend: (Time is in decaauts)
 A = Elapsed time spent in this place.
 B = Non-inter-level travel time spent in this place.
 C = Inter-level travel time spent in this place.
 D = Time resting spent in this place.
 E = Time spent auto-exploring this place.
 F = Levels seen in this place.
 G = Mean time per level.
                   A        B        C        D        E       F      G
               +--------+--------+--------+--------+--------+-----+--------+
         Total |   2637 |   2606 |     31 |    219 |   1802 |   2 | 1318.5 |
       Dungeon |   2637 |   2606 |     31 |    219 |   1802 |   2 | 1318.5 |
               +--------+--------+--------+--------+--------+-----+--------+

Top non-repeatable levels by time:
     D:1: 2425 daAuts
     D:2: 212 daAuts
